[Event "Titled Tuesday Blitz August 15 Early 2023"]
[White "Moskalenko, Alexander"]
[Black "Aggelis, Nikolaos"]
[WhiteFideId "4155351"]
[BlackFideId "4213220"]
[WhiteElo "2894"]
[BlackElo "2573"]
[Result "1-0"]
[Round "5"]
[TimeControl "180+1"]
[Date "2023.08.15"]
[WhiteClock "0:01:13"]
[BlackClock "0:00:00"]
[Board "66"]

1. d4 f5 2. Bg5 d5 3. e3 Nd7 4. c4 c6 5. Nc3 Ngf6 6. cxd5 cxd5 7. Rc1 e6 8. Nf3 Be7 9. Nb5 Qa5+ 10. Nd2 Ne4 11. Bxe7 Kxe7 12. f3 Qxd2+ 13. Qxd2 Nxd2 14. Kxd2 a6 15. Nc3 Nf6 16. Bd3 Bd7 17. Ne2 Rhc8 18. h4 Rxc1 19. Nxc1 g6 20. Ne2 Bb5 21. Nf4 Bxd3 22. Nxd3 Nd7 23. Rc1 Kd6 24. g4 fxg4 25. fxg4 Rf8 26. Ke2 h6 27. b4 g5 28. h5 Nf6 29. Rf1 Nd7 30. Rc1 Nf6 31. Ne5 Nd7 32. Ng6 Re8 33. Rf1 Rc8 34. Kd3 e5 35. Rf7 e4+ 36. Kd2 Rc4 37. a3 a5 38. Rxd7+ Kxd7 39. Ne5+ Ke6 40. Nxc4 axb4 41. Na5 bxa3 42. Kc3 a2 43. Kb2 b6 44. Nc6 Kd6 45. Nb4 Kc7 46. Nxd5+ Kc6 47. Nc3 b5 48. Kxa2 b4 49. Nxe4 Kd5 50. Nd2 1-0


[Site "https://www.chess.com"]

[Event "Titled Tuesday Blitz August 15 Early 2023"]
[White "Przybylski, Wojciech"]
[Black "Ozen, Deniz"]
[WhiteFideId "1117599"]
[BlackFideId "6349196"]
[WhiteElo "2572"]
[BlackElo "2849"]
[Result "0-1"]
[Round "5"]
[TimeControl "180+1"]
[Date "2023.08.15"]
[WhiteClock "0:00:00"]
[BlackClock "0:00:07"]
[Board "67"]

1. d4 Nf6 2. Nf3 e6 3. c4 b6 4. Nc3 Bb7 5. Qc2 Bb4 6. e3 O-O 7. Bd3 d5 8. O-O dxc4 9. Bxc4 Bxf3 10. gxf3 Nbd7 11. Rd1 Qe7 12. f4 c5 13. d5 Bxc3 14. d6 Qd8 15. bxc3 e5 16. Be2 Re8 17. Bf3 e4 18. Bg2 c4 19. Ba3 b5 20. Rab1 a6 21. Rd4 Re6 22. Bh3 Re8 23. Bg2 Re6 24. Bh3 Re8 25. Bf5 Rc8 26. Rbd1 a5 27. Bxe4 Nxe4 28. Rxe4 Nf6 29. Re5 Qd7 30. f3 Qh3 31. Qg2 Qd7 32. Qg5 b4 33. Bb2 Qa4 34. Rd2 Nd7 35. Rxe8+ Rxe8 36. cxb4 f6 37. Qd5+ Kh8 38. Qxc4 axb4 39. e4 h6 40. Kg2 Qa7 41. Bd4 Qb7 42. Bf2 Rf8 43. Qc7 Qb5 44. Rd5 Qa4 45. Ra5 Qd1 46. Qxd7 Qd2 47. Ra7 Rg8 48. Qg4 b3 49. e5 b2 50. Qg6 Qxf4 51. exf6 Qxf6 52. Qxf6 gxf6+ 53. Bg3 b1=Q 54. d7 Qc2+ 55. Kh3 Qf5+ 56. Kg2 Qc2+ 57. Kh3 Qd3 58. Rc7 Qf5+ 59. Kg2 Qd5 60. a4 f5 0-1


[Site "https://www.chess.com"]

[Event "Titled Tuesday Blitz August 15 Early 2023"]
[White "Pakleza, Zbigniew"]
[Black "Ismagilov, Damir"]
[WhiteFideId "1119290"]
[BlackFideId "34199982"]
[WhiteElo "2811"]
[BlackElo "2570"]
[Result "1-0"]
[Round "5"]
[TimeControl "180+1"]
[Date "2023.08.15"]
[WhiteClock "0:00:45"]
[BlackClock "0:00:41"]
[Board "68"]

1. d4 Nf6 2. Nf3 e6 3. Bf4 b6 4. e3 Bb7 5. h3 Be7 6. Nbd2 d6 7. Bd3 Nbd7 8. c3 O-O 9. O-O c5 10. Qe2 cxd4 11. cxd4 a6 12. a3 b5 13. e4 Qb6 14. e5 Nd5 15. Bg3 dxe5 16. dxe5 Rfc8 17. Ne4 Nc5 18. Nxc5 Bxc5 19. Qe4 g6 20. Qg4 Ne7 21. Bh4 Nf5 22. Bf6 Bf8 23. Rad1 b4 24. a4 b3 25. Ng5 Qb4 26. Bxf5 exf5 27. Qxb4 Bxb4 28. Rd7 Bc6 29. Rxf7 1-0


[Site "https://www.chess.com"]

[Event "Titled Tuesday Blitz August 15 Early 2023"]
[White "Williams, Simon K"]
[Black "Guliyev, Namig"]
[WhiteFideId "404454"]
[BlackFideId "13400363"]
[WhiteElo "2548"]
[BlackElo "2797"]
[Result "0-1"]
[Round "5"]
[TimeControl "180+1"]
[Date "2023.08.15"]
[WhiteClock "0:00:13"]
[BlackClock "0:00:55"]
[Board "69"]

1. d4 d5 2. c4 dxc4 3. Nf3 a6 4. e4 b5 5. b3 Bb7 6. bxc4 Bxe4 7. cxb5 Nf6 8. Nc3 Bb7 9. Bc4 e6 10. O-O axb5 11. Bxb5+ Nbd7 12. Ne5 Bd6 13. Nc6 Qc8 14. a4 O-O 15. Bg5 h6 16. Bh4 Kh8 17. Rc1 Re8 18. Re1 Ba6 19. Qf3 Bxb5 20. axb5 Ra3 21. Qe2 Qa8 22. Ne4 Nxe4 23. Qxe4 Nb6 24. Bg3 Bxg3 25. hxg3 Nd5 26. Ne5 Kg8 27. Nd3 Nc3 28. Qxa8 Rexa8 29. Ne5 Nxb5 30. Nf3 Nc3 31. Re3 Nd5 32. Rxa3 Rxa3 33. Kf1 g5 34. g4 Kg7 35. Ne5 f6 36. Nc4 Ra4 37. g3 Kg6 38. Ke2 Rb4 39. Kf3 Rb3+ 40. Ne3 Rc3 41. Rb1 Rd3 42. Ke4 Rxe3+ 0-1


[Site "https://www.chess.com"]

[Event "Titled Tuesday Blitz August 15 Early 2023"]
[White "Shcherbin, Matvei"]
[Black "Yelisieiev, Yevhenii"]
[WhiteFideId "24125164"]
[BlackFideId "14139642"]
[WhiteElo "2740"]
[BlackElo "2560"]
[Result "1-0"]
[Round "5"]
[TimeControl "180+1"]
[Date "2023.08.15"]
[WhiteClock "0:00:12"]
[BlackClock "0:00:04"]
[Board "70"]

1. e4 d6 2. d4 Nf6 3. Nc3 e5 4. Nf3 Nbd7 5. a4 Be7 6. Bc4 O-O 7. O-O c6 8. h3 a5 9. Re1 Nb6 10. Bf1 exd4 11. Nxd4 d5 12. e5 Ne8 13. Bf4 g6 14. Bh6 Ng7 15. Qd2 Re8 16. Bxg7 Kxg7 17. Rad1 Bg5 18. f4 Bh4 19. Re3 Be7 20. Nb3 Bb4 21. Qf2 Qe7 22. g4 Nc4 23. Bxc4 dxc4 24. Nd4 Bc5 25. Ne4 Be6 26. f5 Bxf5 27. gxf5 Qxe5 28. c3 Kh8 29. Rde1 Bxd4 30. cxd4 Qxd4 31. fxg6 fxg6 32. Ng5 Rf8 33. Rf3 Qxf2+ 34. Rxf2 Rxf2 35. Kxf2 b5 36. Re7 h6 37. Rh7+ Kg8 38. Rxh6 Kg7 39. Rh7+ Kf6 40. h4 bxa4 41. Rc7 Rb8 42. Rxc6+ Kf5 43. Rc5+ Kg4 44. Rxc4+ Kh5 45. Rxa4 Rxb2+ 46. Kg3 Rb3+ 47. Nf3 Rb5 48. Kf2 Rb2+ 49. Kg3 Rb5 50. Ra3 Rc5 51. Ng5 Rc4 52. Rxa5 Rg4+ 53. Kf2 Rf4+ 54. Nf3+ Kg4 55. Rg5+ Kh3 56. Rg3# 1-0


[Site "https://www.chess.com"]

[Event "Titled Tuesday Blitz August 15 Early 2023"]
[White "Kosteniuk, Alexandra"]
[Black "Grossboss19"]
[WhiteFideId "4128125"]
[WhiteElo "2739"]
[BlackElo "2545"]
[Result "1-0"]
[Round "5"]
[TimeControl "180+1"]
[Date "2023.08.15"]
[WhiteClock "0:00:09"]
[BlackClock "0:00:03"]
[Board "71"]

1. d4 d5 2. Nf3 Nf6 3. c4 e6 4. Nc3 Be7 5. cxd5 exd5 6. Bg5 c6 7. e3 h6 8. Bh4 O-O 9. Bd3 Re8 10. O-O Ne4 11. Bxe4 Bxh4 12. Bc2 Bf6 13. b4 a6 14. a4 Bg4 15. Ne2 Bxf3 16. gxf3 Nd7 17. Kh1 Qe7 18. Rg1 Nf8 19. Rb1 Ne6 20. Qd3 g6 21. f4 Ng7 22. Ng3 Kh8 23. Rb3 Qd7 24. Rgb1 h5 25. Qf1 h4 26. Ne2 Qg4 27. Ng1 Re7 28. Qg2 Qxg2+ 29. Kxg2 Ne8 30. Nf3 Nd6 31. Ne1 Nc4 32. Rd1 b5 33. Rc3 Ree8 34. Nd3 Be7 35. Rb1 f6 36. Ne1 Kg7 37. Nf3 Rh8 38. Kh3 Kf7 39. Rcb3 g5 40. fxg5 fxg5 41. Ne5+ Nxe5 42. dxe5 Ke6 43. f4 gxf4 44. exf4 Rhf8 45. Rf3 Rab8 46. Rc1 Bxb4 47. Bg6 c5 48. axb5 axb5 49. Kxh4 d4 50. Kg5 c4 51. Rd1 d3 52. Re3 Be7+ 53. Kg4 Kd5 54. f5 Kd4 55. Kf3 Bg5 56. Re4+ Kd5 57. e6 Bf6 58. e7 Rh8 59. e8=Q Rbxe8 60. Rxe8 Rxh2 61. Rb8 Kc5 62. Rc8+ Kd4 63. Rc6 Be5 64. Rb6 Kc5 65. Re6 Kd5 66. Re8 Rh3+ 67. Kg4 Rh2 68. Rd8+ Kc5 69. Re8 Kd4 70. Rd8+ Kc3 71. Re1 Bd4 72. Re4 Bc5 73. f6 Rf2 74. f7 d2 75. Re5 Bb4 76. Red5 Kb2 77. Rxd2+ Bxd2 78. Rxd2+ Rxd2 79. f8=Q c3 80. Qb4+ Kc1 81. Qxc3+ Kd1 82. Qb3+ Ke1 83. Qb1+ Kf2 84. Qxb5 Rd4+ 85. Kf5 Rd2 86. Qc5+ Ke1 87. Ke4 Re2+ 88. Kf4 Rf2+ 89. Kg3 Re2 90. Qc1# 1-0


[Site "https://www.chess.com"]

[Event "Titled Tuesday Blitz August 15 Early 2023"]
[White "Jaskolka, Tomasz"]
[Black "Leiva, Gianmarco"]
[WhiteFideId "1170791"]
[BlackFideId "3804399"]
[WhiteElo "2544"]
[BlackElo "2716"]
[Result "0-1"]
[Round "5"]
[TimeControl "180+1"]
[Date "2023.08.15"]
[WhiteClock "0:00:08"]
[BlackClock "0:00:11"]
[Board "72"]

1. d4 g6 2. e4 Bg7 3. Nf3 d6 4. Nc3 Bg4 5. Be3 Nc6 6. Be2 e5 7. d5 Nce7 8. h3 Bxf3 9. Bxf3 f5 10. exf5 gxf5 11. Bg5 Bf6 12. Qd2 Ng6 13. Bxf6 Qxf6 14. O-O-O Nh4 15. Bh5+ Ng6 16. g4 O-O-O 17. gxf5 Nf4 18. Ne4 Qe7 19. Bf3 Kb8 20. Rdg1 Rf8 21. Ng3 Nf6 22. Re1 Qd7 23. h4 Qb5 24. Re3 N6xd5 25. Rb3 Qc5 26. Rd1 Nb6 27. Ne4 Qc4 28. Rc3 Qxa2 29. Ra3 Qc4 30. Qa5 a6 31. Nxd6 cxd6 32. Qxb6 Qc7 33. Qb4 d5 34. Rxa6 e4 35. Bh1 Rxf5 36. Rb6 Rc8 37. Qb3 Nd3+ 38. Kb1 Nxf2 39. Rf1 Rf4 40. Bg2 Rff8 41. Rb5 Ng4 42. Rxf8 Rxf8 43. Qxd5 Nf6 44. Qe5 Qxe5 45. Rxe5 Rf7 46. Bxe4 Nxe4 47. Rxe4 Rf1+ 48. Ka2 Rf2 49. Kb3 Rh2 50. c3 h5 51. Ka3 Kc7 52. b3 Rh3 53. Kb4 b6 54. Kc4 Kb7 55. b4 Ka6 56. b5+ Ka5 57. Rf4 Ka4 58. Rd4 Ka5 59. Kd5 Kxb5 60. Rb4+ Ka6 61. Ke6 b5 62. Kf5 Rxc3 63. Kg6 Rc4 64. Rb1 Rxh4 65. Kg5 Rh2 66. Kf4 Ka5 67. Ke4 b4 68. Kd4 Kb5 69. Kd5 Rd2+ 70. Ke4 Ka4 71. Ke3 Rd8 72. Rh1 b3 73. Rh4+ Ka3 74. Rxh5 b2 75. Ra5+ Kb4 76. Ra7 Rb8 77. Rd7 b1=Q 78. Rd4+ Kc3 79. Rd5 Qe1+ 80. Kf4 Rf8+ 81. Kg5 Qg3+ 82. Kh6 Rh8# 0-1


[Site "https://www.chess.com"]

[Event "Titled Tuesday Blitz August 15 Early 2023"]
[White "Vaibhav, Suri"]
[Black "Shishkov, Andrei"]
[WhiteFideId "5045185"]
[BlackFideId "4500563"]
[WhiteElo "2712"]
[BlackElo "2520"]
[Result "0-1"]
[Round "5"]
[TimeControl "180+1"]
[Date "2023.08.15"]
[WhiteClock "0:00:07"]
[BlackClock "0:00:10"]
[Board "73"]

1. d4 Nf6 2. Bf4 d5 3. e3 c5 4. Nd2 Nc6 5. Ngf3 Qb6 6. dxc5 Qxb2 7. Rb1 Qc3 8. Bb5 Bd7 9. O-O e6 10. Nb3 Be7 11. Bxc6 Bxc6 12. Be5 Qc4 13. Nfd4 O-O 14. Nxc6 bxc6 15. Qd4 a5 16. Qxc4 dxc4 17. Nd2 Bxc5 18. Nxc4 Nd5 19. Rb7 f6 20. Bd4 Bxd4 21. exd4 Rf7 22. Rfb1 Nb4 23. Rxf7 Kxf7 24. c3 Nxa2 25. Rb3 a4 26. Ra3 Nc1 27. Kf1 Rb8 28. Rxa4 Rb1 29. g3 Na2+ 30. Kg2 Nxc3 31. Ra7+ Kg6 32. Nd6 Nb5 33. Rb7 Rd1 34. Ne8 Nxd4 35. Rxg7+ Kh6 36. Rf7 f5 37. Rf6+ Kg5 38. h4+ Kh5 39. Ng7+ Kg4 40. f3+ Nxf3 41. Nxe6 Rd2+ 42. Kf1 Kxg3 0-1


[Site "https://www.chess.com"]

[Event "Titled Tuesday Blitz August 15 Early 2023"]
[White "Colas, Joshua"]
[Black "Starozhilov, Leonid"]
[WhiteFideId "2044447"]
[BlackFideId "14106752"]
[WhiteElo "2612"]
[BlackElo "2707"]
[Result "1-0"]
[Round "5"]
[TimeControl "180+1"]
[Date "2023.08.15"]
[WhiteClock "0:00:14"]
[BlackClock "0:00:13"]
[Board "74"]

1. Nf3 Nf6 2. c4 g6 3. b3 d6 4. Bb2 Bg7 5. d4 O-O 6. g3 Ne4 7. Bg2 c6 8. O-O Qa5 9. e3 Qh5 10. Nfd2 Qxd1 11. Rxd1 Nxd2 12. Rxd2 a5 13. Nc3 Na6 14. Na4 Bf5 15. Nb6 Ra7 16. e4 Bg4 17. h3 Be6 18. Rad1 Nb8 19. d5 Bc8 20. Bxg7 Kxg7 21. f4 Nd7 22. Nxc8 Rxc8 23. dxc6 bxc6 24. e5 c5 25. exd6 e6 26. Rd3 Rb8 27. Bc6 Rb6 28. Bb5 Rb8 29. g4 h6 30. Kg2 Rd8 31. f5 Kf6 32. fxe6 fxe6 33. Rf1+ Kg7 34. Re3 Nf8 35. Rd1 Rb7 36. Re5 Rb6 37. Rxc5 Rbxd6 38. Rc7+ Kf6 39. Rxd6 Rxd6 40. c5 Rd2+ 41. Kf3 g5 42. Be8 Ke5 43. c6 Kd6 44. Rf7 Ng6 45. Rd7+ Kxc6 46. Rxd2+ Kc5 47. Bxg6 1-0


[Site "https://www.chess.com"]

[Event "Titled Tuesday Blitz August 15 Early 2023"]
[White "Yashmetov, Mikhail"]
[Black "Shyam, Sundar M."]
[WhiteFideId "24198900"]
[BlackFideId "5019141"]
[WhiteElo "2494"]
[BlackElo "2696"]
[Result "0-1"]
[Round "5"]
[TimeControl "180+1"]
[Date "2023.08.15"]
[WhiteClock "0:00:01"]
[BlackClock "0:00:56"]
[Board "75"]

1. d4 d5 2. c4 e6 3. g3 Nf6 4. Bg2 Bb4+ 5. Bd2 Be7 6. Nf3 Ne4 7. O-O c6 8. b3 f5 9. Bc1 h5 10. Ba3 g5 11. Bxe7 Qxe7 12. Nbd2 Nd7 13. Nxe4 fxe4 14. Ne5 Nxe5 15. dxe5 h4 16. Qd2 Bd7 17. Rad1 O-O-O 18. Qa5 Kb8 19. b4 hxg3 20. fxg3 Qh7 21. h3 Qg7 22. Rf6 Bc8 23. Bxe4 b6 24. Qa4 dxe4 25. Rxd8 Rxd8 26. Qxc6 Qe7 27. c5 bxc5 28. bxc5 e3 29. a4 Bb7 30. Qb5 Rd1+ 31. Rf1 Qf8 32. Qxb7+ Kxb7 33. Rxd1 Qf2+ 34. Kh1 Qxe2 35. Rg1 Qf3+ 36. Rg2 e2 0-1


[Site "https://www.chess.com"]

[Event "Titled Tuesday Blitz August 15 Early 2023"]
[White "Skvortsov, Andrei"]
[Black "Nathan, Nitish"]
[WhiteFideId "24108600"]
[BlackFideId "30927870"]
[WhiteElo "2690"]
[BlackElo "2444"]
[Result "1-0"]
[Round "5"]
[TimeControl "180+1"]
[Date "2023.08.15"]
[WhiteClock "0:00:38"]
[BlackClock "0:00:17"]
[Board "76"]

1. e4 c5 2. d4 cxd4 3. Qxd4 Nc6 4. Qd3 d6 5. Nc3 Nf6 6. Nf3 e5 7. Bg5 Be7 8. O-O-O Be6 9. Bxf6 gxf6 10. Nd5 Rc8 11. Kb1 Bxd5 12. exd5 Nb8 13. Nh4 Nd7 14. Nf5 Nc5 15. Qb5+ Qd7 16. Qxd7+ Kxd7 17. Bb5+ Kd8 18. Be2 h5 19. h4 a6 20. g3 Bf8 21. Bf3 b5 22. Rhe1 Kc7 23. Bg2 Kb6 24. Bh3 Rd8 25. c3 Bh6 26. Kc2 Kc7 27. Ne7 Rde8 28. Nf5 Rd8 29. Ra1 Kb6 30. b3 a5 31. a4 b4 32. cxb4 axb4 33. a5+ Kc7 34. a6 Ra8 35. Ra5 Kb6 36. Rea1 Bf8 37. a7 Kb7 38. Rxc5 dxc5 39. d6 Rxa7 40. Bg2+ Kb8 41. Rxa7 Kxa7 42. d7 Bh6 43. Nxh6 Rd8 44. Bh3 Rf8 45. Nxf7 Kb6 46. d8=Q+ Rxd8 47. Nxd8 Kc7 48. Ne6+ Kd6 49. Ng7 Kd5 50. Bg2+ Kd4 51. Nxh5 c4 52. Nxf6 cxb3+ 53. Kxb3 Kd3 54. Bf3 Kd2 55. Ne4+ Ke1 56. h5 Kf1 57. h6 Kg1 58. h7 Kf1 59. h8=Q Ke1 60. Qh1# 1-0


[Site "https://www.chess.com"]

[Event "Titled Tuesday Blitz August 15 Early 2023"]
[White "Prohaszka, Peter"]
[Black "Liu, Casper"]
[WhiteFideId "726265"]
[BlackFideId "1454153"]
[WhiteElo "2687"]
[BlackElo "2468"]
[Result "1-0"]
[Round "5"]
[TimeControl "180+1"]
[Date "2023.08.15"]
[WhiteClock "0:00:06"]
[BlackClock "0:00:00"]
[Board "77"]

1. e4 c5 2. Nf3 d6 3. Bb5+ Bd7 4. Bxd7+ Nxd7 5. d4 g6 6. d5 Bg7 7. a4 Ngf6 8. Nc3 O-O 9. O-O Ng4 10. Nd2 f5 11. h3 Ngf6 12. exf5 gxf5 13. Qf3 Ne8 14. Nc4 Ne5 15. Nxe5 dxe5 16. Rd1 Qd6 17. Be3 e4 18. Qe2 b6 19. Qf1 Qg6 20. Bf4 Kh8 21. a5 Nf6 22. axb6 axb6 23. Rxa8 Rxa8 24. Qb5 Nh5 25. Ne2 Rg8 26. g3 Bd4 27. Kf1 Nxf4 28. Nxf4 Qg5 29. Rxd4 cxd4 30. Qxb6 Qf6 31. Ne6 Rc8 32. Qb7 Rg8 33. Qb6 Rc8 34. Qb7 Rg8 35. Qa7 Rc8 36. Nxd4 Qe5 37. Qd7 1-0


[Site "https://www.chess.com"]

[Event "Titled Tuesday Blitz August 15 Early 2023"]
[White "Maltsevskaya, Aleksandra"]
[Black "Toktomushev, Teimur"]
[WhiteFideId "24174041"]
[BlackFideId "14176726"]
[WhiteElo "2679"]
[BlackElo "2438"]
[Result "1-0"]
[Round "5"]
[TimeControl "180+1"]
[Date "2023.08.15"]
[WhiteClock "0:00:07"]
[BlackClock "0:00:00"]
[Board "78"]

1. Nf3 d5 2. g3 Nf6 3. Bg2 e6 4. O-O Be7 5. d3 O-O 6. Nbd2 c5 7. e4 Nc6 8. exd5 exd5 9. d4 Bg4 10. h3 Bh5 11. dxc5 Bxc5 12. c3 Re8 13. Nb3 Bb6 14. a4 a6 15. Bg5 Ne5 16. a5 Ba7 17. Nbd4 h6 18. Bf4 Nc6 19. Nxc6 bxc6 20. g4 Bg6 21. Ne5 Re6 22. Nxg6 fxg6 23. Qd3 g5 24. Bg3 Ne4 25. Rae1 Nxg3 26. Rxe6 Nxf1 27. Qxf1 Qd7 28. Qe2 Rf8 29. Re7 Bxf2+ 30. Kh1 Qd6 31. Qe6+ Qxe6 32. Rxe6 Rb8 33. Rxc6 Rxb2 34. Bxd5+ Kh7 35. Rc8 g6 36. Rc7+ Kh8 37. Rc6 Be1 38. Rxa6 Bxc3 39. Ra8+ Kg7 40. a6 Rb1+ 41. Kg2 Ra1 42. Bc4 Kf6 43. a7 Ke7 44. Bb5 Bd4 45. Re8+ Kf7 46. a8=Q Rg1+ 47. Kf3 1-0


[Site "https://www.chess.com"]

[Event "Titled Tuesday Blitz August 15 Early 2023"]
[White "Haug, Havard"]
[Black "Luong Phuong Hanh"]
[WhiteFideId "1547887"]
[BlackFideId "12401013"]
[WhiteElo "2668"]
[BlackElo "2424"]
[Result "1-0"]
[Round "5"]
[TimeControl "180+1"]
[Date "2023.08.15"]
[WhiteClock "0:00:37"]
[BlackClock "0:00:04"]
[Board "79"]

1. e4 c5 2. c3 Nf6 3. e5 Nd5 4. Nf3 Nc6 5. Bc4 Nb6 6. Bb3 d5 7. exd6 Qxd6 8. d4 cxd4 9. cxd4 g6 10. Nc3 Bg7 11. Be3 O-O 12. h3 Bf5 13. O-O Rad8 14. Qe2 Nb4 15. Rad1 N4d5 16. Bg5 Rfe8 17. Bh4 Nxc3 18. bxc3 Nd5 19. Qd2 Nf6 20. Bg3 Qa6 21. Rfe1 Ne4 22. Rxe4 Bxe4 23. Bxf7+ Kxf7 24. Ng5+ Kg8 25. Nxe4 Qc4 26. Qg5 Qe2 27. Qg4 Qxg4 28. hxg4 Rd5 29. Rb1 b5 30. f3 e5 31. dxe5 Bxe5 32. Bxe5 Rexe5 33. Nf6+ Kf7 34. Nxd5 Rxd5 35. Rb2 a6 36. Kf2 Ke6 37. Ke3 Kd6 38. f4 Kc5 39. Rf2 Kc4 40. f5 Rd3+ 41. Ke4 Rg3 42. f6 Rxg4+ 43. Ke5 Rg5+ 44. Ke6 Rg3 45. f7 1-0


[Site "https://www.chess.com"]

[Event "Titled Tuesday Blitz August 15 Early 2023"]
[White "ExchangeAB"]
[Black "Goltsev, Dmitry"]
[BlackFideId "24176710"]
[WhiteElo "2423"]
[BlackElo "2639"]
[Result "0-1"]
[Round "5"]
[TimeControl "180+1"]
[Date "2023.08.15"]
[WhiteClock "0:00:09"]
[BlackClock "0:00:32"]
[Board "80"]

1. d4 e6 2. Nc3 d5 3. Bf4 a6 4. e3 Nf6 5. Nf3 c5 6. dxc5 Bxc5 7. Bd3 Nc6 8. e4 dxe4 9. Nxe4 Nxe4 10. Bxe4 Qb6 11. O-O h6 12. Rb1 O-O 13. a3 a5 14. Qe2 Bd7 15. Rfd1 Rad8 16. b4 axb4 17. axb4 Be7 18. c3 Bf6 19. Rbc1 Ne7 20. Be3 Qa6 21. Qxa6 bxa6 22. c4 Ba4 23. Rxd8 Rxd8 24. g3 Nc6 25. b5 Nb8 26. b6 Bc6 27. Bxc6 Nxc6 28. c5 a5 29. Rc4 Be7 30. Kf1 f6 31. Ke2 Kf7 32. Nd2 e5 33. Nb3 Ke6 34. Ra4 Ra8 35. b7 Rb8 36. Nxa5 Nxa5 37. Rxa5 Rxb7 38. Ra6+ Kd5 39. Rb6 Rc7 40. h4 Bxc5 41. Bxc5 Kxc5 42. Re6 Kd5 43. Re8 Ke4 44. Rg8 Rc2+ 45. Ke1 g5 46. Rg6 gxh4 47. gxh4 f5 48. Rg3 f4 49. Ra3 Rc1+ 50. Kd2 Rh1 51. f3+ Kf5 52. Ra8 Rxh4 53. Rf8+ Ke6 54. Kd3 Rh1 55. Rh8 Rf1 56. Ke4 Re1+ 57. Kd3 Re3+ 58. Kd2 Rxf3 59. Rxh6+ Kf5 60. Rh8 Ke4 61. Rd8 Rh3 62. Rd7 f3 63. Ke1 Rh2 64. Ra7 Kf4 65. Ra3 e4 66. Ra8 Rb2 67. Rc8 Ke3 68. Rc3+ Kd4 69. Rc8 f2+ 70. Kf1 Ke3 71. Rc3+ Kf4 72. Rc8 e3 73. Rf8+ Kg5 74. Rg8+ Kf6 75. Re8 Rb1+ 0-1


[Site "https://www.chess.com"]

[Event "Titled Tuesday Blitz August 15 Early 2023"]
[White "crazy_m_attack"]
[Black "Komov, Roman"]
[BlackFideId "24175714"]
[WhiteElo "2300"]
[BlackElo "2623"]
[Result "0-1"]
[Round "5"]
[TimeControl "180+1"]
[Date "2023.08.15"]
[WhiteClock "0:00:00"]
[BlackClock "0:00:05"]
[Board "81"]

1. e4 c5 2. Nf3 d6 3. d4 cxd4 4. Nxd4 Nf6 5. Nc3 Nc6 6. Be2 e5 7. Nf3 Be7 8. Bg5 O-O 9. O-O Be6 10. Bxf6 Bxf6 11. Nd5 Rc8 12. c3 Bg5 13. Qd3 Bh6 14. Rfd1 Qd7 15. Nh4 Rfe8 16. Qg3 Kh8 17. h3 Rcd8 18. Bg4 Ne7 19. Nxe7 Qxe7 20. Nf5 Bxf5 21. Bxf5 Bf4 22. Qf3 g6 23. g3 gxf5 24. gxf4 fxe4 25. Qxe4 Qh4 26. Qf3 e4 27. Qe3 f5 28. Kh2 Qf6 29. Qd4 Qxd4 30. Rxd4 Kg7 31. Rg1+ Kf6 32. Rg5 h6 33. Rg1 b6 34. h4 Re7 35. h5 Rg7 36. Rgd1 Ke6 37. f3 exf3 38. Re1+ Kd7 39. Rf1 Rg2+ 40. Kh3 Rxb2 41. Rxf3 Rxa2 42. Rg3 Rc2 43. Rdd3 Rc8 44. Rg6 R8xc3 45. Rxd6+ Kc7 46. Rd7+ Kc6 47. Rd6+ Kc5 48. Kh4 Rxd3 49. Rxd3 Rf2 50. Kg3 Rf1 51. Re3 Rh1 52. Re5+ Kc4 53. Rxf5 a5 54. Rf6 b5 55. Rc6+ Kd5 56. Rxh6 a4 57. Ra6 Rxh5 58. Kg4 Rh1 59. f5 Kc4 60. f6 Rf1 61. Kg5 Kb3 62. Kg6 b4 63. f7 Rxf7 64. Kxf7 a3 65. Ke6 Ka2 66. Kd5 b3 67. Kc4 b2 0-1


[Site "https://www.chess.com"]

[Event "Titled Tuesday Blitz August 15 Early 2023"]
[White "Nakamura, Hikaru"]
[Black "Rodchenkov, Sergey D."]
[WhiteFideId "2016192"]
[BlackFideId "4168712"]
[WhiteElo "3239"]
[BlackElo "2513"]
[Result "1-0"]
[Round "5"]
[TimeControl "180+1"]
[Date "2023.08.15"]
[WhiteClock "0:01:20"]
[BlackClock "0:00:10"]
[Board "82"]

1. b3 d5 2. Bb2 Nf6 3. Nf3 c6 4. e3 Bg4 5. d4 Nbd7 6. Bd3 e6 7. c4 Be7 8. Qc2 O-O 9. Nbd2 a5 10. a3 Bh5 11. Ne5 Kh8 12. f4 Nxe5 13. dxe5 Ng4 14. Nf1 Bc5 15. Bd4 Qb6 16. Bxc5 Qxc5 17. cxd5 Qxc2 18. Bxc2 cxd5 19. Bd1 Rfc8 20. h3 Rc3 21. hxg4 Bg6 22. Rh3 Rac8 23. Nd2 Bd3 24. Nf3 h6 25. Nd4 Be4 26. g5 Bxg2 27. Rg3 Be4 28. gxh6 g6 29. Nb5 Rd3 30. Nd6 Rcc3 31. Nxf7+ Kg8 32. Ng5 Bf5 33. Be2 Rxe3 34. Rxe3 Rxe3 35. Rc1 1-0


[Site "https://www.chess.com"]

[Event "Titled Tuesday Blitz August 15 Early 2023"]
[White "Kuznetsov, Felix"]
[Black "Nugumanov, Bakhtiyar"]
[WhiteFideId "34147990"]
[BlackFideId "13701797"]
[WhiteElo "2699"]
[BlackElo "2105"]
[Result "1-0"]
[Round "5"]
[TimeControl "180+1"]
[Date "2023.08.15"]
[WhiteClock "0:00:47"]
[BlackClock "0:00:07"]
[Board "83"]

1. f4 Nf6 2. Nf3 d6 3. g3 Nbd7 4. Bg2 e5 5. d3 g6 6. O-O Bg7 7. Nc3 O-O 8. e4 c6 9. f5 d5 10. Nh4 Nc5 11. Bg5 Qb6 12. Kh1 dxe4 13. Nxe4 Nfxe4 14. dxe4 h6 15. Be7 Re8 16. Bxc5 Qxc5 17. fxg6 fxg6 18. Nxg6 Be6 19. Qh5 Rad8 20. Nh4 Rf8 21. Nf5 Bxf5 22. exf5 Qxc2 23. Rae1 Rd4 24. f6 Rxf6 25. Qe8+ Kh7 26. Rxf6 Bxf6 27. Qf7+ Bg7 28. Bh3 Qc4 29. Bf5+ Kh8 30. Be6 Qd5+ 31. Bxd5 cxd5 32. Rxe5 Rd1+ 33. Kg2 Rd2+ 34. Kh3 Bxe5 35. Qe8+ Kh7 36. Qxe5 d4 37. Qc7+ Kg6 38. Qxb7 d3 39. Qe4+ Kg7 40. Qd4+ Kh7 41. Kg4 Rd1 42. Kh5 d2 43. Qd7+ Kg8 44. Kg6 Kf8 45. Qf7# 1-0


[Site "https://www.chess.com"]

[Event "Titled Tuesday Blitz August 15 Early 2023"]
[White "Boyer, Mahel"]
[Black "RrainlessBobot"]
[WhiteFideId "45102422"]
[WhiteElo "2671"]
[BlackElo "2463"]
[Result "1/2-1/2"]
[Round "5"]
[TimeControl "180+1"]
[Date "2023.08.15"]
[WhiteClock "0:00:03"]
[BlackClock "0:00:07"]
[Board "84"]

1. e4 Nf6 2. e5 Nd5 3. Qf3 e6 4. Qg3 d6 5. Nf3 Nc6 6. Bb5 Bd7 7. Bxc6 Bxc6 8. O-O g6 9. d4 Bg7 10. Nbd2 Nb4 11. c3 Nd3 12. exd6 Qxd6 13. Nc4 Qxg3 14. hxg3 Bb5 15. b3 Nxc1 16. Raxc1 Bxc4 17. bxc4 b6 18. a4 Kd7 19. g4 h6 20. g3 c5 21. Rfd1 Kc7 22. Kg2 Rhd8 23. d5 Rd6 24. g5 h5 25. Rd3 Rad8 26. Rcd1 exd5 27. cxd5 c4 28. R3d2 a6 29. Nd4 Kb7 30. Nc6 R8d7 31. f4 b5 32. axb5 axb5 33. Ne5 Re7 34. Rb1 Bxe5 35. fxe5 Rxe5 36. Rxb5+ Kc7 37. Rc5+ Kd7 38. Rxc4 Rexd5 39. Rxd5 Rxd5 40. Rd4 Kd6 41. Kf3 Ke5 42. Rxd5+ Kxd5 43. Kf4 Ke6 44. Ke4 f6 45. gxf6 Kxf6 46. c4 g5 47. c5 Ke6 48. c6 Kd6 49. Kf5 h4 50. c7 Kxc7 51. gxh4 gxh4 52. Kg4 h3 53. Kxh3 1/2-1/2


[Site "https://www.chess.com"]

[Event "Titled Tuesday Blitz August 15 Early 2023"]
[White "Itkis, Boris"]
[Black "Rakhimzhan_Alen"]
[WhiteFideId "1209167"]
[WhiteElo "2459"]
[BlackElo "2670"]
[Result "1-0"]
[Round "5"]
[TimeControl "180+1"]
[Date "2023.08.15"]
[WhiteClock "0:01:12"]
[BlackClock "0:00:00"]
[Board "85"]

1. c4 e5 2. Nc3 Bb4 3. Nd5 Be7 4. Nf3 d6 5. d4 exd4 6. Qxd4 Nf6 7. Nxe7 Qxe7 8. Bg5 Nc6 9. Qc3 Ne5 10. Nxe5 Qxe5 11. Qxe5+ dxe5 12. Bxf6 gxf6 13. O-O-O Ke7 14. e3 Be6 15. Kc2 a5 16. b3 a4 17. b4 b5 18. Kc3 a3 19. Be2 Rhc8 20. Rd2 c5 21. cxb5 Ra4 22. Bd1 cxb4+ 23. Kd3 1-0


[Site "https://www.chess.com"]